 Dungeon Crawl Stone Soup version 0.26.0-10-g1f06aea511 (webtiles) character file.

Game seed: 9160208676363809101

205 vatarom the Firebug (level 5, -36/28 HPs)
             Began as a Deep Elf Fire Elementalist on Jan 21, 2021.
             Killed from afar by an orc wizard (53 damage)
             ... with an exploding inner flame
             ... on level 3 of the Dungeon.
             The game lasted 00:07:24 (2865 turns).

vatarom the Firebug (Deep Elf Fire Elementalist)    Turns: 2865, Time: 00:07:24

Health: -36/28     AC:  2    Str:  6    XL:     5   Next: 53%
Magic:  6/14       EV: 13    Int: 20    God:
Gold:   82         SH:  0    Dex: 21    Spells: 2/13 levels left

rFire    . . .     SeeInvis .   n - +0 short sword
rCold    . . .     Faith    .   (no shield)
rNeg     . . .     Spirit   .   a - +0 robe
rPois    .         Reflect  .   (no helmet)
rElec    .         Harm     .   b - scarf {+Inv}
rCorr    .         Rampage  .   (no gloves)
Will     .....                  (no boots)
Stlth    ++........             g - amulet of regeneration
HPRegen  0.49/turn              c - +6 ring of dexterity
MPRegen  0.14/turn              (no ring)

@: slowed, very slow
A: no striking features
a: Evoke Invisibility


You were on level 3 of the Dungeon.
You visited 1 branch of the dungeon, and saw 3 of its levels.

You collected 82 gold pieces.

Inventory:

Hand Weapons
 n - a +0 short sword (weapon)
Missiles
 f - 7 atropa-tipped darts
 r - 25 poisoned darts
 s - a throwing net {!f}
Armour
 a - a +0 robe (worn)
 b - a scarf of invisibility (worn)
Jewellery
 c - a +6 ring of dexterity (left hand)
 g - an amulet of regeneration (around neck)
 q - a +4 ring of protection {unknown}
Wands
 t - a wand of polymorph (9)
Scrolls
 d - 4 scrolls of remove curse {unknown}
 h - a scroll of teleportation {unknown}
 i - a scroll of enchant armour {unknown}
 j - a scroll of immolation {unknown}
 l - 3 scrolls of enchant weapon {unknown}
 o - 2 scrolls of identify {unknown}
 p - a scroll of noise {unknown}
Potions
 e - 4 potions of curing {@q1}
 k - 2 potions of heal wounds {unknown}
 m - a potion of flight {unknown}


   Skills:
 + Level 0.2 Fighting
 - Level 2.4 Dodging
 - Level 2.4 Stealth
 + Level 4.7 Spellcasting
 + Level 3.5 Conjurations
 + Level 5.0 Fire Magic


You had 2 spell levels left.
You knew the following spells:

 Your Spells              Type           Power        Failure   Level
a - Foxfire               Conj/Fire      84%          1%          1
b - Inner Flame           Hex/Fire       14%          13%         3
c - Conjure Flame         Conj/Fire      21%          6%          3
d - Sticky Flame          Conj/Fire      21%          21%         4

Your spell library contained the following spells:

 Spells                   Type           Power        Failure   Level
 Fireball                 Conj/Fire      10%          50%         5


Dungeon Overview and Level Annotations

Branches:
Dungeon (3/15)

Altars:
Fedhas
Kikubaaqudgha


Message History

The foxfire hits the orc wizard.
Flame seeps out of the orc wizard.
The orc wizard is lightly wounded.
The foxfire hits the orc wizard.
Flame seeps out of the orc wizard.
The orc wizard is moderately wounded.
The orc wizard is engulfed in blazing flames.
Flame seeps out of the orc wizard.
The orc wizard points at you and mumbles some strange words.
The magic dart hits you.
The orc wizard points at you and mumbles some strange words.
You feel yourself slow down.
You see here an adder corpse.
Casting: Foxfire (safe; 1% risk of failure)
Confirm with . or Enter, or press ? or * to list all spells.
You conjure some foxfire!
The foxfire hits the orc wizard.
The orc wizard explodes!
The fiery explosion engulfs your foxfire.
Your foxfire completely resists.
The fiery explosion engulfs you!!!
Ouch! That really hurt!
You die...

#....#### #..# ##.#
#.#### ##..# ...#
#...### #...#...g#
#.....## #...#g...#
#......###.......?#
#.###..##....#
#v###...#....#
#.§##...#....####...
##
#§§@v..)............
.
###########.########
#. #.##.#..#
#.#####.......#
#..........#.##
###.########.#
#.##### #.#
###.#..P# #.#
#...#._.# #.#


There were no monsters in sight!

Vanquished Creatures
  An orc wizard (D:3)
  Natasha (thrice) (D:2)
  4 gnolls (D:2)
  3 adders
  2 worms (D:2)
  A dart slug (D:2)
  2 leopard geckos (D:1)
  2 orcs (D:3)
  5 bats
  4 giant cockroaches
  5 goblins
  8 hobgoblins
  7 jackals (D:1)
  2 ball pythons
  A frilled lizard (D:2)
  5 kobolds
  3 rats
58 creatures vanquished.

Vanquished Creatures (others)
  219 foxfires
219 creatures vanquished.

Grand Total: 277 creatures vanquished

Notes
Turn   | Place    | Note
-------+----------+-------------------------------------------
     0 | D:1      | vatarom the Deep Elf Fire Elementalist began the quest for
                  | the Orb.
     0 | D:1      | Reached XP level 1. HP: 10/10 MP: 6/6
   635 | D:1      | Reached XP level 2. HP: 15/15 MP: 6/8
  1304 | D:2      | Reached XP level 3. HP: 19/19 MP: 3/10
  1871 | D:2      | Noticed Natasha
  1875 | D:2      | Killed Natasha
  1876 | D:2      | Reached skill level 4 in Fire Magic
  1876 | D:2      | Reached XP level 4. HP: 24/24 MP: 7/12
  1926 | D:2      | Learned a level 3 spell: Conjure Flame
  1930 | D:2      | Learned a level 3 spell: Inner Flame
  1935 | D:2      | Learned a level 4 spell: Sticky Flame
  1969 | D:2      | Noticed Natasha
  1974 | D:2      | Killed Natasha
  2127 | D:2      | Reached XP level 5. HP: 25/28 MP: 6/13
  2398 | D:2      | Noticed Natasha
  2412 | D:2      | Killed Natasha
  2646 | D:3      | Found a blossoming altar of Fedhas.
  2656 | D:3      | Found an ancient bone altar of Kikubaaqudgha.
  2695 | D:3      | Reached skill level 5 in Fire Magic
  2865 | D:3      | Killed from afar by an orc wizard

Illustrated notes

Levels and vault maps discovered:
D:1:      evilmike_arrival_crescent, layout_basic
D:2:      layout_rooms, uniq_natasha
D:3:      minmay_recursive_quarters, layout_loops_cross,
          grunt_temple_overflow_growth_and_decay, ebering_ghost_reflecting_pool,
          led_xom_imps

Skill      XL: |  1  2  3  4  5 |
---------------+----------------+-----
Conjurations   | 2 3 |  3.5
Spellcasting   | 4 |  4.7
Fire Magic     | 4 5 |  5.0
Fighting       | |  0.2
Dodging        | |  2.4
Stealth        | |  2.4

Action                   |  1- 3 |  4- 6 || total
-------------------------+-------+-------++-------
Melee: Unarmed           |     5 |       ||     5
       Short sword       |       |     1 ||     1
 Cast: Foxfire           |    91 |    62 ||   153
       Sticky Flame      |       |     1 ||     1
       Inner Flame       |       |     5 ||     5
 Stab: Sleeping          |       |     1 ||     1
Armor: Robe              |       |     2 ||     2
       Skin              |       |     1 ||     1
Dodge: Dodged            |    19 |     2 ||    21
